 Dungeon Sprint DCSS version 0.27-a0-1456-gf5a116941d (webtiles) character file.

Game seed: 8077241130482693392

9 mhtbhm the Skirmisher (level 2, -2/40 HPs)
             Began as a Draconian Berserker on July 5, 2021.
             Was a Follower of Trog.
             Slain by an efreet (10 damage)
             ... in the Dungeon (Sprint VII: "The Pits").
             The game lasted 00:00:24 (253 turns).

mhtbhm the Skirmisher (Draconian Berserker)          Turns: 253, Time: 00:00:24

Health: -2/40      AC:  4    Str: 19    XL:     2   Next: 6%
Magic:  2/2        EV: 12    Int:  7    God:    Trog [*.....]
Gold:   0          SH:  0    Dex: 10    Spells: 1/1 levels left

rFire    . . .     SeeInvis .   a - +2 trident
rCold    . . .     Faith    .   (no shield)
rNeg     . . .     Spirit   .   (armour unavailable)
rPois    .         Reflect  .   (helmet restricted)
rElec    .         Harm     .   (no cloak)
rCorr    .         Rampage  .   (no gloves)
Will     .....     NoTele   +   (no boots)
Stlth    ..........             (no amulet)
HPRegen  0.13/turn              (no ring)
MPRegen  0.08/turn              (no ring)

@: berserking, very quick
A: AC +4, unfitting armour, cold-blooded
a: Renounce Religion, Berserk


You were in the Dungeon.
You worshipped Trog.
Trog was aware of your devotion.
You visited 1 branch

Inventory:

Hand Weapons
 a - a +2 trident (weapon)
Scrolls
 g - a scroll of blinking
 i - a scroll of summoning
Potions
 b - a potion of curing
 d - a potion of haste
 e - 4 potions of magic
 f - 3 potions of berserk rage
 h - 2 potions of invisibility


   Skills:
 + Level 4.2 Fighting
 + Level 3.8 Polearms
 + Level 3.4 Dodging


You had one spell level left.
You didn't know any spells.
Your spell library was empty.

Dungeon Overview and Level Annotations

Branches:
Dungeon (1/1)

Altars:


Innate Abilities, Weirdness & Mutations

Your plain brown scales are hard. (AC +4)
You cannot fit into any form of body armour.
You are cold-blooded and may be slowed by cold attacks.


Message History

Drop what? 9/52 slots (_ for help) (? for menu, Esc to quit)
You drop a +2 quarterstaff.
a - a +2 trident
a - a +2 trident (weapon)
Things that are here:
a +2 mace; a +2 hand axe
There is an open door here.
There is an open door to the Storerooms (Easy) here.
You see here an adder corpse.
You open the huge gate.
There is a huge open gate leading to the Armoury (Hard) here.
An efreet comes into view.
It is wielding a +0 scimitar of flaming.
There is a huge open gate here.
A lindwurm comes into view.
The lindwurm roars!
The efreet gestures at you. The bolt of fire hits you!
You feel much better.
A red film seems to cover your vision as you go berserk!
You feel yourself moving faster!
You feel mighty!
You reach to attack!
You hit the efreet.
The efreet is lightly wounded.
The lindwurm breathes flames at you.
The blast of flame hits the efreet.
The efreet completely resists.
The blast of flame misses you.
You puncture the efreet!
The efreet is moderately wounded.
The efreet gestures at you.
The fireball explodes!
The fireball engulfs you!!
Ouch! That really hurt!
* * * LOW HITPOINT WARNING * * *
The fireball engulfs the efreet.
The efreet completely resists.
You barely miss the efreet.
The efreet is moderately wounded.
The lindwurm is engulfed in blazing flames.
Unknown command.
You puncture the efreet!
The efreet is heavily wounded.
The efreet hits you with a +0 scimitar of flaming!
You die...

######++##########
.............##..#
...#..#......##..#
.............''.@#
.............''.R#
...#..#......##.k○○☼R..
.............##......k.
'#####++###############
....# ....# ....# <...#


You could see a lindwurm (catching breath) and an efreet.

Vanquished Creatures
  An adder (D)
1 creature vanquished.

Notes
Turn   | Place    | Note
-------+----------+-------------------------------------------
     0 | D        | mhtbhm the Draconian Berserker began the quest for the Orb.
     0 | D        | Reached XP level 1. HP: 19/19 MP: 1/1
    27 | D        | Reached skill level 4 in Fighting
    27 | D        | Reached XP level 2. HP: 15/27 MP: 2/2
   245 | D        | Noticed an efreet
   246 | D        | Noticed a lindwurm
   253 | D        | Slain by an efreet

Illustrated notes

Levels and vault maps discovered:
D:        pitsprint [storerooms_1, entrance_room_1, metal_vault_1, armoury_2,
          mini_pit_1, grid_room_1, main_hall_1, silver_pit, the_coven_1,
          the_vestibule_1, steel_vault_2, golden_pit, hallway_of_sentries,
          crystal_vault_1, iron_vault_1, final_vault]

Skill      XL: |  1 |
---------------+----+-----
Fighting       | 4 |  4.2
Dodging        | 3 |  3.4
Polearms       | |  3.8

Action                   || total
-------------------------++-------
Melee: Spear             ||    16
       Tailslap          ||     1
       Trident           ||     4
Invok: Berserk           ||     2
  Use: Potion            ||     1
Armor: Skin              ||     3
Dodge: Dodged            ||    12

Table legend: (Time is in decaauts)
 A = Elapsed time spent in this place.
 B = Non-inter-level travel time spent in this place.
 C = Inter-level travel time spent in this place.
 D = Time resting spent in this place.
 E = Time spent auto-exploring this place.
 F = Levels seen in this place.
 G = Mean time per level.
                   A        B        C        D        E       F      G
               +--------+--------+--------+--------+--------+-----+--------+
         Total |    258 |    258 |      0 |    176 |      0 |   1 |  258.0 |
       Dungeon |    258 |    258 |      0 |    176 |      0 |   1 |  258.0 |
               +--------+--------+--------+--------+--------+-----+--------+

Top non-repeatable levels by time:
       D: 258 daAuts
